 Dungeon Crawl Stone Soup version 0.20-a0-1127-g1289703 (webtiles) character file.

8525 HankScorpio the Zephyrmancer (level 11, -3/54 HPs)
             Began as a Deep Elf Air Elementalist on May 18, 2017.
             Was an Elder of Sif Muna.
             Slain by an orc warrior
             ... wielding a +0 flail
              (8 damage)
             ... on level 11 of the Dungeon on May 19, 2017.
             The game lasted 00:38:55 (10216 turns).

HankScorpio the Zephyrmancer (DEAE)                Turns: 10216, Time: 00:38:55

Health: -3/54      AC: 14    Str:  1    XL:     11   Next: 11%
Magic:  0/27       EV: 10    Int: 27    God:    Sif Muna [****..]
Gold:   390        SH:  0    Dex: 15    Spells: 21/31 levels left

rFire    . . .     SeeInvis .   a - +2 hand axe (elec)
rCold    . . .     Gourm    .   (no shield)
rNeg     . . .     Faith    .   C - +1 troll leather armour {Purgy}
rPois    .         Spirit   +   s - +1 helmet {Int+3}
rElec    .         Reflect  .   (no cloak)
rCorr    .         Harm     .   J - +0 pair of gloves
MR       +....                  (no boots)
Stlth    ++........             h - amulet of guardian spirit
Regen    0.6/turn               w - -4 ring of strength
MPRegen  0.2/turn               I - +6 ring of protection

@: divine energy
A: no striking features
a: Stop Divine Energy, Channel Magic, Forget Spell, Renounce Religion


You were on level 11 of the Dungeon.
You worshipped Sif Muna.
Sif Muna was greatly pleased with you.
You were hungry.

You visited 2 branches of the dungeon, and saw 11 of its levels.
You also visited: Sewer.

You collected 390 gold pieces.

Inventory:

Hand Weapons
 a - a +2 hand axe of electrocution (weapon)
 d - a -1 blowgun
Missiles
 j - 8 curare-tipped needles
Armour
 s - a +1 helmet of intelligence (worn)
 y - a +2 scale mail of cold resistance
 C - a +1 troll leather armour (worn) {Purgy}
 J - a +0 pair of gloves (worn)
Magical Staves
 b - an uncursed staff of poison
 K - an uncursed staff of cold
Jewellery
 h - an amulet of guardian spirit (around neck)
 l - an uncursed ring of ice
 w - a -4 ring of strength (left hand)
 I - a +6 ring of protection (right hand)
Wands
 q - a wand of flame (21/48)
 F - a wand of confusion (48/48)
 H - a wand of scattershot (2/9)
 L - a wand of digging (16/24)
 M - a wand of confusion (11/48)
Scrolls
 i - 4 scrolls of enchant armour
 r - 2 scrolls of remove curse
Potions
 e - a potion of resistance
 k - a potion of invisibility
 m - a potion of might
 o - a potion of flight {unknown}
 v - 3 potions of lignification
 x - a potion of brilliance
 z - 5 potions of degeneration
 A - a potion of agility {unknown}
 G - 2 potions of mutation {unknown}
Books
 u - Kyof's Grimoire of Conjuration
   (Sif Muna gifted it to you on level 10 of the Dungeon)

   Spells                             Type                      Level
   a - Searing Ray                    Conjuration                  2
   b - Static Discharge               Conjuration/Air              3
   c - Fireball                       Conjuration/Fire             5
   d - Orb of Destruction             Conjuration                  7
 B - a book of Air

   Spells                             Type                      Level
   a - Shock                          Conjuration/Air              1
   b - Swiftness                      Charms/Air                   2
   c - Static Discharge               Conjuration/Air              3
   d - Airstrike                      Air                          4
   e - Lightning Bolt                 Conjuration/Air              5
Miscellaneous
 p - a phial of floods
Comestibles
 c - 10 bread rations
 f - 9 meat rations
 n - 14 royal jellies
 E - 3 fruits


   Skills:
 - Level 2.4 Dodging
 - Level 2.4 Stealth
 - Level 10.7 Spellcasting
 * Level 9.7 Conjurations
 - Level 11.2 Air Magic
 + Level 6.9 Invocations


You had 21 spell levels left.
You knew the following spells:

 Your Spells              Type           Power        Failure   Level  Hunger
a - Shock                 Conj/Air       ####         1%          1    None
b - Airstrike             Air            ######....   1%          4    None
c - Lightning Bolt        Conj/Air       ######....   4%          5    ###....


Dungeon Overview and Level Annotations

Branches:
Dungeon (11/15)            Temple (1/1) D:4             Orc (0/2) D:11
   Lair: D:8-11

Altars:
Ashenzari
Cheibriados
Dithmenos
Elyvilon
Fedhas
Gozag
Hepliaklqana
Kikubaaqudgha
Makhleb
Nemelex Xobeh
Qazlal
Ru
Sif Muna
Trog
Vehumet
Wu Jian
Xom
Yredelemnul
Zin
The Shining One

Shops:
D:10 *

Annotations:
D:3 1 runed door


Message History

Press: ? - help, Shift-Dir - straight line The zap hits the porcupine.
You kill the porcupine!
Sif Muna accepts your kill.
The zap hits the orc warrior.
The orc warrior is moderately wounded.
The orc warrior hits you with a flail!!
* * * LOW HITPOINT WARNING * * *
Okay, then.
As you read the scroll of fear, it crumbles to dust.
You assume a fearsome visage.
The orc warrior looks frightened!
Casting: Shock
Confirm with . or Enter, or press ? or * to list all spells.
Aiming: Shock
Press: ? - help, Shift-Dir - straight line The zap hits the orc warrior.
The orc warrior appears unharmed.
The orc warrior is moderately wounded.
Your attack snaps the orc warrior out of its fear.
The orc warrior hits you with a flail!
You die...

..# ##....#.......# ...#####
##....###.....## ##.......
#.....###.8.8.## ##.......
##......#..(....# ###......#
#..#.#).#.o#'#..# #........#
#.##.##.#.##.##.# ........#
#.#...#.#†#.?.#.# ...<....#
#o#..)#)#.#.o.#.# ...#....#
#.##@##†#.##§##.# ...#....#
#..#o#.(#..#+#..#
...##...#####...†..(+....o..+
....##...#.###.....###.8.8.##
.....#.....#.##.(.## ##...##
..............#(..#..######
.......................
......................
####........#..........


You could see an orc warrior.

Vanquished Creatures
  A two-headed ogre (D:8)
  The ghost of enarc13 the Transmogrifier, a novice DrTm of Ashenzari (D:10)
  Sonja (D:10)
  Pikel (D:5)
  A gargoyle (D:10)
  A merfolk (D:10)
  A queen bee (D:10)
  2 hippogriffs
  A wyvern (D:10)
  2 wargs (D:11)
  Edmund (D:5)
  2 porcupines (D:11)
  5 orc warriors
  Purgy (Sewer)
  2 ice beasts
  A phantom (D:4)
  A centaur (D:7)
  2 necrophages
  4 ogres
  The ghost of enarc13 the Changer, an amateur DrTm of Ashenzari (D:4)
  A big kobold (D:8)
  4 bullfrogs
  A water moccasin skeleton (D:10)
  A scorpion (D:5)
  27 killer bees
  4 wights (D:8)
  4 howler monkeys
  2 crimson imps (D:6)
  A quasit (D:10)
  2 hounds
  A jelly (D:6)
  A centaur skeleton (D:10)
  3 orc priests
  2 bullfrog skeletons
  An iguana (D:7)
  11 orc wizards
  2 worker ants
  A killer bee zombie (D:4)
  2 worker ant zombies
  Robin (D:3)
  9 adders
  A river rat (D:5)
  2 shadow imps
  2 dart slugs (D:2)
  A worm (D:3)
  3 leopard geckos
  46 orcs
  4 ball pythons
  9 bats
  5 giant cockroaches
  10 goblins
  12 hobgoblins
  12 jackals
  6 quokkas
  8 frilled lizards
  16 kobolds
  24 rats
  A spectral orc (D:8)
275 creatures vanquished.

Vanquished Creatures (others)
  3 slaves (D:5)
  An ogre (D:5)
  A hound skeleton (D:5)
  A shadow imp (D:5)
  3 orcs (D:5)
  A giant cockroach (D:5)
  5 jackals (D:5)
  A quokka skeleton (D:5)
16 creatures vanquished.

Grand Total: 291 creatures vanquished

Notes
Turn   | Place    | Note
-------+----------+-------------------------------------------
     0 | D:1      | HankScorpio the Deep Elf Air Elementalist began the quest for the Orb.
     0 | D:1      | Reached XP level 1. HP: 10/10 MP: 6/6
   253 | D:1      | Reached XP level 2. HP: 15/15 MP: 5/8
   535 | D:2      | Reached XP level 3. HP: 18/19 MP: 1/10
   939 | D:2      | Reached skill level 4 in Air Magic
   954 | D:2      | Reached XP level 4. HP: 24/24 MP: 2/12
  1768 | D:3      | Reached XP level 5. HP: 18/28 MP: 2/13
  1955 | D:3      | Noticed Robin
  1972 | D:3      | Killed Robin
  2285 | D:3      | Found a runed door.
  2450 | D:3      | Reached skill level 5 in Air Magic
  2798 | D:4      | Reached skill level 5 in Spellcasting
  2798 | D:4      | Reached XP level 6. HP: 28/32 MP: 10/15
  3205 | D:4      | Found a staircase to the Ecumenical Temple.
  3297 | D:4      | Noticed enarc13's ghost (amateur DrTm)
  3348 | Temple   | Entered the Ecumenical Temple
  3529 | Temple   | Became a worshipper of Sif Muna the Loreminder
  3677 | D:4      | Reached skill level 6 in Air Magic
  3677 | D:4      | Reached XP level 7. HP: 26/36 MP: 8/17
  3683 | D:4      | Learned a level 4 spell: Airstrike
  3689 | D:4      | Learned a level 5 spell: Lightning Bolt
  3827 | D:4      | Killed enarc13's ghost
  4010 | D:5      | Entered Level 5 of the Dungeon
  4018 | D:5      | Noticed Pikel
  4039 | D:5      | Killed Pikel
  4039 | D:5      | Reached * piety under Sif Muna
  4039 | D:5      | Reached skill level 5 in Conjurations
  4039 | D:5      | Reached skill level 7 in Air Magic
  4039 | D:5      | Reached XP level 8. HP: 22/41 MP: 0/20
  4255 | D:5      | Found a radiant altar of Vehumet.
  4258 | D:5      | Found a shimmering altar of Xom.
  4448 | D:5      | Found a glowing drain.
  4534 | Sewer    | Entered a sewer
  4626 | Sewer    | Noticed Purgy
  4629 | Sewer    | Killed Purgy
  4810 | D:5      | Noticed Edmund
  4820 | D:5      | Killed Edmund
  5076 | D:6      | Reached skill level 8 in Air Magic
  5113 | D:6      | Reached ** piety under Sif Muna
  5986 | D:7      | Reached XP level 9. HP: 45/45 MP: 12/23
  5987 | D:7      | Reached skill level 9 in Air Magic
  6580 | D:8      | Noticed a two-headed ogre
  6585 | D:8      | Killed a two-headed ogre
  6585 | D:8      | Reached *** piety under Sif Muna
  6758 | D:8      | Reached skill level 10 in Air Magic
  7251 | D:8      | Reached **** piety under Sif Muna
  7522 | D:8      | Found a basalt altar of Yredelemnul.
  7759 | D:8      | Found a white marble altar of Elyvilon.
  7761 | D:8      | Found a blossoming altar of Fedhas.
  7826 | D:8      | Found a stormy altar of Qazlal.
  7851 | D:8      | Reached skill level 1 in Invocations
  7851 | D:8      | Reached XP level 10. HP: 48/50 MP: 11/25
  7853 | D:8      | Found an ancient bone altar of Kikubaaqudgha.
  7859 | D:8      | Noticed a two-headed ogre
  7861 | D:8      | You fall through a shaft for 2 floors!
  7861 | D:10     | Entered Level 10 of the Dungeon
  8064 | D:10     | Noticed enarc13's ghost (novice DrTm)
  8125 | D:10     | Killed enarc13's ghost
  8125 | D:10     | Reached skill level 10 in Spellcasting
  8802 | D:10     | Reached skill level 5 in Invocations
  8803 | D:10     | Reached skill level 11 in Air Magic
  9373 | D:10     | Noticed Sonja
  9376 | D:10     | Killed Sonja
  9536 | D:10     | Found Hats's Assorted Antiques.
  9606 | D:10     | Reached ***** piety under Sif Muna
  9741 | D:10     | Identified Kyof's Grimoire of Conjuration (Sif Muna gifted it to you on level 10 of the Dungeon)
  9741 | D:10     | Received a gift from Sif Muna
  9842 | D:10     | Noticed a gargoyle
  9847 | D:10     | Killed a gargoyle
  9847 | D:10     | Reached XP level 11. HP: 54/54 MP: 3/27
 10074 | D:11     | Found a staircase to the Orcish Mines.
 10216 | D:11     | Slain by an orc warrior

Vault maps used:
D:1:      kennysheep_arrival_forest
D:2:      minmay_rat_hole
D:3:      first_bread, serial_bayou_pond_b, corexii_leaking_fountain,
          uniq_robin, uniq_crazy_yiuf_cottage
D:4:      minmay_temple_entry_grid
D:5:      chequers_temple_overflow_statue_of_worship, portal_sewer_entry_b,
          uniq_edmund, uniq_pikel
D:8:      grunt_temple_overflow_open, yredelemnul_forgotten_temple_becter,
          serial_glass, glass_columns_c, glass_columns_a
D:10:     serial_shops, shop, hangedman_fish_farm, uniq_sonja
D:11:     grunt_lair_entry_orc_guard_hut, david_orc_1_choice, serial_shops,
          kennysheep_mini, grunt_nemelex_the_gamble
Temple:   regret_index_temple_generic_petals
Sewer:    kennysheep_door_sewer

Skill      XL: |  1  2  3  4  5  6  7  8  9 10 |
---------------+-------------------------------+-----
Conjurations   | 2 3 4 5 6 7 9 |  9.7
Air Magic      | 4 5 6 7 8 10 11 | 11.2
Spellcasting   | 4 5 6 8 9 10 | 10.7
Invocations    | 1 6 |  6.9
Dodging        | |  2.4
Stealth        | |  2.4

Action                   |  1- 3 |  4- 6 |  7- 9 | 10-12 || total
-------------------------+-------+-------+-------+-------++-------
Melee: Unarmed           |     6 |       |       |       ||     6
       Hand axe          |       |     5 |    12 |    15 ||    32
       Staff             |       |       |       |     6 ||     6
 Cast: Shock             |    51 |   174 |   216 |    54 ||   495
       Airstrike         |       |       |    61 |    83 ||   144
       Lightning Bolt    |       |       |       |     3 ||     3
Invok: Divine Energy     |       |       |     1 |       ||     1
       Channel Magic     |       |       |       |     1 ||     1
  Use: Potion            |       |     3 |       |     5 ||     8
       Scroll            |       |       |    13 |     3 ||    16
  Eat: Chunk             |       |     8 |    10 |     3 ||    21
       Bread ration      |       |       |     1 |     1 ||     2
Armor: Robe              |     2 |     6 |     2 |       ||    10
       Troll leather arm |       |       |    42 |    97 ||   139
Dodge: Dodged            |     9 |    24 |    44 |    86 ||   163
